 Zot Defence DCSS version 0.15.2 (webtiles) character file.

28 BluebellGnoll the Magician (level 2, -7/22 HPs)
             Began as a Deep Dwarf Wizard on Sept 24, 2015.
             Mangled by Klenkogh the ogre
             ... wielding a +0 giant club
              (24 damage)
             ... in the Realm of Zot (Scenario V: Glassed Sandwich).
             The game lasted 00:02:21 (280 turns).

BluebellGnoll the Magician (Deep Dwarf Wizard)       Turns: 280, Time: 00:02:21

HP  -7/22        AC  2     Str 10      XL: 2   Next: 96%
MP   5/6         EV 12     Int 18      God:
Gold 0           SH  0     Dex 11      Spells:  1 memorised,  7 levels left

rFire  . . .     SeeInvis .     (no weapon)
rCold  . . .     Clarity  .     a - +0 robe
rNeg   . . .     rCorr    .     (no shield)
rPois  .         rRot     .     b - +0 hat
rElec  .         Spirit   .     (no cloak)
SustAb .         Warding  .     (no gloves)
rMut   .         Stasis   .     (no boots)
Gourm  .                        (no amulet)
MR     .....                    (no ring)
                                (no ring)

@: exhausted, very slightly contaminated, non-regenerating, hasted and slowed,
not resistant to hostile enchantments, unstealthy
A: damage resistance, recharge devices, sense surroundings 1, slow healing 3
a: Make oklob sapling, Device Recharging


You were in the Realm of Zot.
You were not hungry.

You visited 1 branch

Inventory:

Armour
 a - a +0 robe (worn)
 b - a +0 hat (worn)
Magical devices
 d - a wand of heal wounds (5)
Comestibles
 f - a bread ration
Scrolls
 k - a scroll of blinking
Potions
 e - 2 potions of curing
 g - a potion of heal wounds
Books
 c - a book of Minor Magic

   Spells                             Type                      Level
   *Magic Dart                        Conjuration                  1
   Blink                              Translocation                2
   Call Imp                           Summoning                    2
   Repel Missiles                     Charms/Air                   2
   Slow                               Hexes                        2
   Conjure Flame                      Conjuration/Fire             3
   Mephitic Cloud                     Conjuration/Poison/Air       3


   Skills:
 - Level 2.1 Dodging
 - Level 2.4 Stealth
 + Level 3.6 Spellcasting
 - Level 0.8 Conjurations
   Level 0.8 Summonings
   Level 1.1 Translocations


You had 7 spell levels left.
You knew the following spells:

 Your Spells              Type           Power        Failure   Level  Hunger
a - Magic Dart            Conj           #...         12%         1    None


Dungeon Overview and Level Annotations

Branches:
    Zot (1/1)

Altars:


Innate Abilities, Weirdness & Mutations

You are resistant to damage.
You can recharge devices by infusing magical energy.
You passively map a small area around you.
You do not heal naturally.


Message History

Press: ? - help, Shift-Dir - straight line, f/p - Klenkogh
Aim: Klenkogh the ogre, wielding a giant club (lightly wounded)
The magic dart hits Klenkogh.
Klenkogh is lightly wounded.
The ooze hits you. Klenkogh closely misses you.
Drink which item? (? for menu, Esc to quit)
You feel better. The ooze hits you but does no damage.
Drink which item? (? for menu, Esc to quit)
Magic courses through your body. Klenkogh closely misses you.
The ooze barely misses you.
Casting: Magic Dart
Confirm with . or Enter, or press ? or * to list all spells.
Aiming: Magic Dart
Press: ? - help, Shift-Dir - straight line, f/p - Klenkogh
Aim: Klenkogh the ogre, wielding a giant club (lightly wounded)
The magic dart hits Klenkogh.
Klenkogh is lightly wounded.
Klenkogh hits you with a giant club!!
Ouch! That really hurt!
You die...

▓▓▓▓▓▓▓▓▓▓▓▓▓▓▓▓▓▓▓▓▓▓▓▓▓▓▓▓▓▓▓▓▓
.................................
..............▓▓.▓▓..............
.............▓▓...▓▓.............
............▓▓.....▓▓............
...........▓▓.......▓▓...........
..........▓▓.........▓▓..........
▓▓▓▓▓▓▓▓▓▓▓...P.O.....▓▓▓▓▓▓▓▓▓▓▓
∆∆∆∆∆∆▓▓▓▓▓▓▓▓▓.@.▓▓▓▓▓▓▓▓∆∆∆∆∆∆∆
▓▓▓▓▓▓▓▓▓▓▓.....%J....▓▓▓▓▓▓▓▓▓▓▓
..........▓▓.........▓▓..........
...........▓▓...%...▓▓...........
............▓▓.....▓▓............
.............▓▓...▓▓.............
..............▓▓.▓▓..............
.................................
▓▓▓▓▓▓▓▓▓▓▓▓▓▓▓▓▓▓▓▓▓▓▓▓▓▓▓▓▓▓▓▓▓


You could see Klenkogh the ogre, an ooze and a friendly oklob sapling.

Vanquished Creatures
  3 oozes (Zot)
  3 bats (Zot)
  A kobold (Zot)
  2 goblins (Zot)
  3 rats (Zot)
12 creatures vanquished.

Notes
Turn   | Place    | Note
--------------------------------------------------------------
     0 | Zot      | BluebellGnoll, the Deep Dwarf Wizard, began the quest for the Orb.
     0 | Zot      | Reached XP level 1. HP: 15/15 MP: 3/3
   220 | Zot      | Reached skill level 3 in Spellcasting
   247 | Zot      | Reached XP level 2. HP: 22/22 MP: 0/6
   267 | Zot      | Noticed Klenkogh
   280 | Zot      | Mangled by Klenkogh the ogre

Action                   || total
-------------------------++-------
Melee: Unarmed           ||    20
 Cast: Magic Dart        ||    16
 Abil: Make oklob saplin ||     1
  Use: Potion            ||     5
